 Dungeon Crawl Stone Soup version 0.32-a0-933-ga8fa3634e4 (webtiles) character file.

Game seed: 4040673916469139818

79 Meejax the Cudgeller (level 4, -12/33 HPs)
             Began as a Demonspawn Gladiator on Apr 14, 2024.
             Killed by divine providence
             ... invoked by an orc priest
              (14 damage)
             ... on level 2 of the Dungeon.
             The game lasted 00:02:40 (1632 turns).

Meejax the Cudgeller (Demonspawn Gladiator)         Turns: 1632, Time: 00:02:41

Health: -12/33     AC:  4    Str: 17    XL:     4   Next: 17%
Magic:  4/4        EV: 11    Int:  8    God:
Gold:   74         SH:  0    Dex: 14    Spells: 3/3 levels left

rFire   . . .        a - +0 flail
rCold   . . .        (no shield)
rNeg    . . .        b - +0 leather armour
rPois   .            c - +0 helmet
rElec   .            (no cloak)
rCorr   .            (no gloves)
SInv    .            (no boots)
Will    .....        (no amulet)
Stlth   +            (no ring)
HPRegen 0.25/turn    (no ring)
MPRegen 0.09/turn

%: no passive effects
@: no status effects
A: powered by death 1
a: Convert to Beogh


You were on level 2 of the Dungeon.
You visited 1 branch of the dungeon, and saw 3 of its levels.

You collected 74 gold pieces.

Inventory:

Hand Weapons
 a - a +0 flail (weapon)
Missiles
 d - 3 throwing nets (quivered)
 e - a javelin
Armour
 b - a +0 leather armour (worn)
 c - a +0 helmet (worn)
Scrolls
 f - 5 scrolls of identify {unknown}
 h - a scroll of blinking {unknown}
 k - a scroll of fog {unknown}
 l - a scroll of revelation {unknown}
Potions
 g - 3 potions of curing {unknown}
 i - a potion of magic {unknown}
 j - 2 potions of ambrosia {unknown}


   Skills:
 + Level 2.3 Fighting
 + Level 3.5 Maces & Flails
 + Level 1.8 Throwing
 + Level 1.3 Armour
 + Level 3.2 Dodging
 + Level 0.8 Stealth


You had 3 spell levels left.
You didn't know any spells.
Your spell library was empty.

Dungeon Overview and Level Annotations

Branches:
Dungeon (3/15)

Altars:

Shops:
D:1 (


Innate Abilities, Weirdness & Mutations

You regenerate a little health from kills.


Message History

The orc priest closely misses you. The orc barely misses you.
The orc priest shouts, "Surrender to Beogh and we'll let you live!"
You hit the orc priest but do no damage.
The orc priest is lightly wounded.
The orc priest barely misses you. The orc barely misses you.
You hit the orc priest.
The orc priest is moderately wounded.
The orc priest completely misses you. The orc hits you with a +0 dagger.
* * * LOW HITPOINT WARNING * * *
The orc priest looks encouraged for a moment.
The orc closely misses you.
You sock the orc priest!
The orc priest is severely wounded.
The orc priest miscasts a cantrip.
The orc closely misses you.
You barely miss the orc priest.
The orc priest is severely wounded.
The orc priest completely misses you. The orc misses you.
You hit the orc priest but do no damage.
The orc priest is severely wounded.
The orc priest shouts, "The Pantheon deserves no one's loyalty.
Let us show you the true path!" The orc priest closely misses you.
The orc closely misses you.
You completely miss the orc priest.
The orc priest is severely wounded.
The orc priest hits you with a +0 short sword.
* * * LOW HITPOINT WARNING * * *
The orc hits you with a +0 dagger.
* * * LOW HITPOINT WARNING * * *
The orc priest hits you but does no damage.
The orc hits you but does no damage.
You hit the orc priest but do no damage.
The orc priest is severely wounded.
The orc priest hits you with a +0 short sword.
* * * LOW HITPOINT WARNING * * *
The orc hits you but does no damage.
You closely miss the orc priest.
The orc priest is severely wounded.
The orc priest calls down the wrath of Beogh upon you.
Beogh smites you!
You die...

# ####.#..#...# #
######.#...#...#.## #
#........#...#.)... #
#.####.#...#...#.#. #
#....####.#..#...## # ##.#†#
####.#.#.# # #.#.# ####.)#
################.#.# ####
...............o@#.#
######.#.....##o.#.# #
#.#.#.#.##..#.# # #.#.....##..#.#
# #.#.#.#.##[.#.########## #
#......................#
########..#.###..#.#.÷#.#.#.#
............###..#.##.....#.#####
###########.##...#.##.#.#.#......


You could see an orc priest and an orc.

Vanquished Creatures
  3 adders
  A ribbon worm (D:3)
  3 dart slugs
  8 endoplasms
  A giant cockroach (D:1)
  4 goblins
  5 hobgoblins
  A quokka (D:1)
  7 ball pythons
  3 bats
  3 frilled lizards
  2 kobolds (D:2)
  5 rats
46 creatures vanquished.

Notes
Turn   | Place    | Note
-------+----------+-------------------------------------------
     0 | D:1      | Meejax the Demonspawn Gladiator began the quest for the
                  | Orb.
     0 | D:1      | Reached XP level 1. HP: 16/16 MP: 1/1
   231 | D:1      | Gained mutation: You regenerate a little health from kills.
                  | [demonic ancestry]
   231 | D:1      | Reached XP level 2. HP: 22/22 MP: 2/2
   319 | D:1      | Found a faded altar of an unknown god.
   373 | D:1      | Found Ovaduyreum's Antique Weapon Shop.
   781 | D:2      | Reached XP level 3. HP: 27/27 MP: 3/3
  1115 | D:2      | Reached skill level 1 in Armour
  1462 | D:3      | Reached XP level 4. HP: 33/33 MP: 4/4
  1632 | D:2      | Killed from afar by an orc priest

Illustrated notes

Levels and vault maps discovered:
D:1:      dpeg_arrival_tiny_d, layout_basic, ebering_ecumenical_altar_mist,
          serial_shops, nicolae_shop_getting_attention
D:2:      minmay_spotlight, layout_basic, serial_glass, glass_columns_a,
          glass_columns_a, glass_columns_b, glass_columns_a, basic_altar
D:3:      layout_basic

Skill      XL: |  1  2  3 |
---------------+----------+-----
Dodging        | 3 |  3.2
Maces & Flails | 3 |  3.5
Armour         | 1 |  1.3
Fighting       | |  2.3
Throwing       | |  1.8
Stealth        | |  0.8

Action                     |  1- 3 |  4- 6 || total
---------------------------+-------+-------++-------
  Melee: Flail             |   111 |    27 ||   138
   Stab: Sleeping          |     3 |       ||     3
 Armour: Leather armour    |    66 |    18 ||    84
  Dodge: Dodged            |    84 |    32 ||   116

Table legend: (Time is in decaauts)
 A = Elapsed time spent in this place.
 B = Non-inter-level travel time spent in this place.
 C = Inter-level travel time spent in this place.
 D = Time resting spent in this place.
 E = Time spent auto-exploring this place.
 F = Levels seen in this place.
 G = Mean time per level.
                   A        B        C        D        E       F      G
               +--------+--------+--------+--------+--------+-----+--------+
         Total |   1666 |   1489 |    177 |     74 |   1072 |   3 |  555.3 |
       Dungeon |   1666 |   1489 |    177 |     74 |   1072 |   3 |  555.3 |
               +--------+--------+--------+--------+--------+-----+--------+

Top non-repeatable levels by time:
     D:2: 926 daAuts
     D:1: 697 daAuts
     D:3: 43 daAuts
